 Dungeon Crawl Stone Soup version 0.30-a0-719-gcc4359ea44 (webtiles) character file.

Game seed: 252476145229077734

3085 Dittersdorf the Fighter (level 9, 0/59 HPs)
             Began as a Gargoyle Fighter on Jan 26, 2023.
             Was a Follower of Okawaru.
             Slain by a manticore (10 damage)
             ... on level 8 of the Dungeon.
             The game lasted 00:09:22 (6460 turns).

Dittersdorf the Fighter (Gargoyle Fighter)          Turns: 6460, Time: 00:09:22

Health: 0/59       AC: 25    Str: 23    XL:     9   Next: 89%
Magic:  9/9        EV:  6    Int: 10    God:    Okawaru [*.....]
Gold:   389        SH:  5    Dex:  9    Spells: 8/8 levels left

rFire   + . .      SeeInvis .    A - +4 flail
rCold   . . .      Faith    .    c - +0 buckler
rNeg    + . .      Spirit   .    a - +0 plate armour
rPois   ∞          Reflect  .    t - +0 helmet
rElec   +          Harm     .    (no cloak)
rCorr   .          Rampage  .    (no gloves)
Will    .....                    (no boots) Stlth
                                 e - amulet of regeneration
HPRegen 1.09/turn                m - ring of protection from fire
MPRegen 0.11/turn                g - +4 ring of protection

@: spiked
A: sickness immunity, AC +6, negative energy resistance 1, electricity
resistance, torment resistance 1, petrification resistance
a: Renounce Religion, Heroism


You were on level 8 of the Dungeon.
You worshipped Okawaru.
Okawaru was aware of your devotion.
You visited 2 branches of the dungeon, and saw 9 of its levels.

You collected 389 gold pieces.

Inventory:

Hand Weapons
 A - a +4 flail (weapon)
Missiles
 o - 6 curare-tipped darts (quivered)
Armour
 a - a +0 plate armour (worn)
 c - a +0 buckler (worn)
 t - a +0 helmet (worn)
Jewellery
 e - an amulet of regeneration (around neck)
 g - a +4 ring of protection (right hand)
 m - a ring of protection from fire (left hand)
 v - a ring of positive energy
 w - a ring of see invisible
Wands
 j - a wand of flame (45)
 k - a wand of roots (9)
 y - a wand of light (9)
Scrolls
 f - 6 scrolls of teleportation
 i - 2 scrolls of brand weapon
 l - 2 scrolls of magic mapping
 r - 3 scrolls of enchant weapon
 s - 2 scrolls of fear
Potions
 b - 2 potions of lignification {unknown}
 d - 2 potions of might
 h - 5 potions of brilliance
 n - 2 potions of invisibility
 p - 3 potions of curing
 q - 2 potions of heal wounds
 u - a potion of mutation
 z - 2 potions of ambrosia {unknown}


   Skills:
 + Level 8.1 Fighting
 + Level 7.0 Maces & Flails
 + Level 8.1 Armour
 + Level 8.1 Shields


You had 8 spell levels left.
You didn't know any spells.
Your spell library contained the following spells:

 Spells                   Type           Power      Damage    Failure   Level
 Necrotise                Necr           0%         1d4       100%        1
 Ignite Poison            Fire/Tmut/Pois 0%         N/A       100%        3
 Vampiric Draining        Necr           0%         2d6       100%        3
 Sticky Flame             Conj/Fire      0%         2d3       100%        4
 Agony                    Necr           0%         N/A       100%        5
 Ignition                 Fire           0%         3d3       100%        8


Dungeon Overview and Level Annotations

Branches:
Dungeon (8/15)             Temple (1/1) D:5
   Lair: D:8-11

Altars:
Ashenzari
Cheibriados
Dithmenos
Elyvilon
Fedhas
Gozag
Hepliaklqana
Kikubaaqudgha
Okawaru
Qazlal
Sif Muna
Trog
Uskayaw
Vehumet
Xom
Yredelemnul
Zin
The Shining One

Shops:
D:5 *


Innate Abilities, Weirdness & Mutations

You are immune to sickness and miasma.
Your stone body is resilient. (AC +6)
You are immune to poison.
You resist negative energy. (rN+)
You are resistant to electric shocks. (rElec)
You are resistant to unholy torment.
You are immune to petrification.


Message History

[Y]es or [N]o only, please.
The barbs in your skin will harm you if you move.
Continue? [Y]es or [N]o only, please.
The barbs in your skin will harm you if you move.
Continue? [Y]es or [N]o only, please.
The barbs in your skin will harm you if you move.
Continue?
You miss something.
You hear a zap.
Your mind is blasted!
The manticore flicks its tail.
The volley of spikes hits something!
You hit something.
You hear some strange, mumbled words.
The manticore flicks its tail.
The volley of spikes hits something!
Something hits you but does no damage.
You sock something! Okawaru accepts your kill.
Reactivating autopickup.
You feel a bit more experienced.
The manticore flicks its tail.
The volley of spikes hits you.
The barbed spikes become lodged in your body.
Your Maces & Flails skill increases to level 7!
The barbed spikes dig painfully into your body as you move.
The manticore flicks its tail.
The volley of spikes hits you.
The barbed spikes become lodged in your body.
Things that are here:
a +3 dagger of chaos; a +2 robe of positive energy; a wand of mindburst (9)
The barbed spikes dig painfully into your body as you move.
The manticore flicks its tail.
The volley of spikes hits you!!
The barbed spikes become lodged in your body.
* * * LOW HITPOINT WARNING * * *
The barbed spikes dig painfully into your body as you move.
* * * LOW HITPOINT WARNING * * *
The manticore bites you.
* * * LOW HITPOINT WARNING * * *
The manticore claws you!
You die...

....# ####.# . #####.#.#
#.[..# . #. ##.....#.#
#.....
..#.##......#.#####....#
.......).)............
....#.##.#######....#
.#..#.).)....# #....#
#..#.##.###.###....#
#.H@....# !.....#
#.##.##.# .#....# #
..##).. #.####..
######## #.#####.
#.#..... #.##....
#.##.#.. #.##.#..
#.##.#..


You could see a manticore.

Vanquished Creatures
  Psyche (D:8)
  Prince Ribbit (D:7)
  A slime creature (D:7)
  3 water moccasins (D:6)
  An acid dragon (D:7)
  2 black bears
  3 ice beasts
  2 orc warriors
  3 centaurs
  A phantom (D:6)
  A bullfrog (D:7)
  2 necrophages
  4 wights (D:6)
  A scorpion (D:5)
  8 jellies
  2 orc priests (D:7)
  3 hounds
  A gnoll bouda (D:7)
  3 iguanas
  3 orc wizards
  Robin (D:3)
  6 gnolls
  7 adders
  2 shadow imps (D:6)
  2 white imps
  An ufetubus (D:5)
  A worm (D:5)
  A dart slug (D:1)
  6 orcs
  6 ball pythons
  5 bats
  15 endoplasms
  A giant cockroach (D:1)
  11 goblins
  10 hobgoblins
  12 jackals
  2 quokkas
  A frilled lizard (D:1)
  8 kobolds
  3 rats
147 creatures vanquished.

Vanquished Creatures (others)
  7 fungi (D:7)
7 creatures vanquished.

Grand Total: 154 creatures vanquished

Notes
Turn   | Place    | Note
-------+----------+-------------------------------------------
     0 | D:1      | Dittersdorf the Gargoyle Fighter began the quest for the
                  | Orb.
     0 | D:1      | Reached XP level 1. HP: 14/14 MP: 1/1
   118 | D:1      | Reached XP level 2. HP: 19/19 MP: 2/2
   506 | D:1      | Reached XP level 3. HP: 23/23 MP: 3/3
   921 | D:2      | Reached XP level 4. HP: 29/29 MP: 4/4
  1514 | D:3      | Noticed Robin
  1527 | D:3      | Killed Robin
  1563 | D:3      | Reached XP level 5. HP: 32/33 MP: 5/5
  1939 | D:3      | Noticed an eye of devastation
  1941 | D:3      | Found a faded altar of an unknown god.
  1944 | D:3      | Noticed a floating eye
  1944 | D:3      | Noticed a golden eye
  1944 | D:3      | Noticed a shining eye
  2696 | D:5      | Entered Level 5 of the Dungeon
  2753 | D:5      | Found Yfetid's General Store.
  2773 | D:5      | Noticed a centaur
  2784 | D:5      | Killed a centaur
  2785 | D:5      | Reached XP level 6. HP: 36/40 MP: 6/6
  2828 | D:5      | Reached skill level 5 in Fighting
  2834 | D:5      | Reached skill level 5 in Shields
  3135 | D:5      | Reached skill level 5 in Armour
  3138 | D:5      | Found a staircase to the Ecumenical Temple.
  3286 | D:5      | Reached XP level 7. HP: 44/44 MP: 7/7
  4132 | D:6      | Reached XP level 8. HP: 47/51 MP: 8/8
  4290 | D:6      | Found an ancient bone altar of Kikubaaqudgha.
  4357 | D:6      | Found a snail-covered altar of Cheibriados.
  4486 | D:6      | Reached skill level 5 in Maces & Flails
  4872 | Temple   | Entered the Ecumenical Temple
  5095 | Temple   | Became a worshipper of Warmaster Okawaru
  5189 | D:7      | Reached XP level 9. HP: 54/56 MP: 9/9
  5266 | D:7      | Noticed Prince Ribbit
  5301 | D:7      | Killed Prince Ribbit
  5392 | D:7      | Reached * piety under Okawaru
  5993 | D:7      | Found a hide-covered altar of Uskayaw.
  6001 | D:7      | Found a blossoming altar of Fedhas.
  6001 | D:7      | Found a shadowy altar of Dithmenos.
  6445 | D:8      | Noticed Psyche
  6452 | D:8      | Noticed a manticore
  6457 | D:8      | Killed Psyche
  6460 | D:8      | Slain by a manticore

Illustrated notes

Levels and vault maps discovered:
D:1:      pf_arrival_petrified_forest, layout_loops_corners,
          minmay_misc_feat_pillars
D:2:      layout_loops_ring
D:3:      layout_basic, hellmonk_ecumenical_altar_watching_god, uniq_robin
D:4:      layout_cave_pools, hangedman_decor_push
D:5:      layout_layer_cave, temple_statues, serial_shops,
          nicolae_shop_advertising_works [nicolae_subvault_shop_adworks]
D:6:      layout_loops_ring, cheibriados_altar_1, overflow_temple_1_default
D:7:      lemuel_slime, layout_basic, gammafunk_temple_overflow_forgotten,
          uniq_prince_ribbit1
D:8:      minmay_blocky_corners, layout_basic, nemelex_diamond_rough_becter,
          uniq_amaemon, uniq_psyche
Temple:   nicolae_temple_figure_eight

Skill      XL: |  1  2  3  4  5  6  7  8  9 |
---------------+----------------------------+-----
Fighting       | 4 5 6 8 |  8.1
Shields        | 4 5 6 8 |  8.1
Armour         | 4 5 6 8 |  8.1
Maces & Flails | 3 4 5 7 |  7.0

Action                     |  1- 3 |  4- 6 |  7- 9 || total
---------------------------+-------+-------+-------++-------
  Melee: Flail             |   121 |   179 |   324 ||   624
  Throw: Dart              |       |       |     2 ||     2
    Use: Scroll            |       |    14 |     3 ||    17
 Armour: Scale mail        |    83 |   155 |       ||   238
         Chain mail        |       |     5 |   195 ||   200
         Plate armour      |       |       |    55 ||    55
  Dodge: Dodged            |    70 |   136 |   111 ||   317
  Block: Buckler           |    32 |    56 |    94 ||   182

Table legend: (Time is in decaauts)
 A = Elapsed time spent in this place.
 B = Non-inter-level travel time spent in this place.
 C = Inter-level travel time spent in this place.
 D = Time resting spent in this place.
 E = Time spent auto-exploring this place.
 F = Levels seen in this place.
 G = Mean time per level.
                   A        B        C        D        E       F      G
               +--------+--------+--------+--------+--------+-----+--------+
         Total |   6606 |   6194 |    412 |    158 |   4692 |   9 |  734.0 |
       Dungeon |   6361 |   5986 |    375 |    158 |   4488 |   8 |  795.1 |
        Temple |    244 |    208 |     36 |      0 |    204 |   1 |  244.0 |
               +--------+--------+--------+--------+--------+-----+--------+

Top non-repeatable levels by time:
     D:5: 1377 daAuts
     D:7: 1032 daAuts
     D:6: 1024 daAuts
     D:1: 866 daAuts
     D:2: 743 daAuts
     D:3: 624 daAuts
     D:4: 540 daAuts
  Temple: 244 daAuts
     D:8: 152 daAuts
